 Dungeon Sprint DCSS version 0.30.1-9-gdf580d7c3d (webtiles) character file.

Game seed: 8004804042168156973

149 Heoruswealwe the Spear-Bearer (level 5, 0/52 HPs)
             Began as a Minotaur Fighter on Oct 15, 2023.
             Was an Initiate of Gozag.
             Slain by a steam dragon (2 damage)
             ... in the Dungeon (Sprint IX: "|||||||||||||||||||||||||||||").
             The game lasted 00:01:11 (99 turns).

Heoruswealwe the Spear-Bearer (Minotaur Fighter)      Turns: 99, Time: 00:01:12

Health: 0/52       AC:  7    Str: 22    XL:     5   Next: 9%
Magic:  4/4        EV:  9    Int:  5    God:    Gozag
Gold:   0          SH:  4    Dex: 10    Spells: 4/4 levels left

rFire   . . .        a - +0 trident
rCold   . . .        d - +0 buckler
rNeg    . . .        c - +0 scale mail
rPois   .            (helmet restricted)
rElec   .            (no cloak)
rCorr   .            (no gloves)
SInv    .            (no boots)
Will    .....        (no amulet) Stlth
                     (no ring)
HPRegen 0.28/turn    (no ring)
MPRegen 0.09/turn

%: no teleportation
@: no status effects
A: horns 2, retaliatory headbutt
a: Renounce Religion, Potion Petition, Call Merchant, Bribe Branch


You were in the Dungeon.
You worshipped Gozag.
Gozag was noncommittal.
You visited 1 branch

Inventory:

Hand Weapons
 a - a +0 trident (weapon)
Armour
 c - a +0 scale mail (worn)
 d - a +0 buckler (worn)
Jewellery
 k - a +3 ring of intelligence
 l - a +3 ring of dexterity
Wands
 h - a wand of iceblast (10)
Scrolls
 j - 2 scrolls of blinking
Potions
 b - a potion of might
 e - 5 potions of curing
 f - 3 potions of heal wounds
 g - a potion of haste
 i - a potion of berserk rage


   Skills:
 + Level 7.1 Fighting
 * Level 9.0 Polearms
 + Level 7.1 Armour
 - Level 3.6 Shields


You had 4 spell levels left.
You didn't know any spells.
Your spell library was empty.

Dungeon Overview and Level Annotations

Branches:
Dungeon (1/1)

Altars:
Cheibriados
Dithmenos
Elyvilon
Fedhas
Gozag
Hepliaklqana
Kikubaaqudgha
Makhleb
Nemelex Xobeh
Okawaru
Qazlal
Ru
Sif Muna
Trog
Uskayaw
Vehumet
Wu Jian
Xom
Yredelemnul
Zin
The Shining One
Jiyva
Lugonu


Innate Abilities, Weirdness & Mutations

You have a pair of horns on your head.
You reflexively headbutt those who attack you in melee.


Message History

k - a +3 ring of intelligence
l - a +3 ring of dexterity You open the door.
A yak, a gnoll sergeant, a troll and 3 dragons come into view.
The yak bellows!
The gnoll sergeant shouts!
The troll shouts!
The acid dragon roars!
You puncture the steam dragon!
The steam dragon is moderately wounded.
You block the steam dragon's attack. The steam dragon claws you.
You closely miss the steam dragon.
The steam dragon is moderately wounded.
The steam dragon breathes steam at you. The ball of steam hits you!!
You puncture the steam dragon! Your headbutt misses the steam dragon.
The steam dragon is severely wounded.
You are engulfed in a cloud of scalding steam.
You closely miss the steam dragon.
You headbutt the steam dragon, but do no damage.
The steam dragon is severely wounded.
You are engulfed in a cloud of scalding steam.
The steam dragon bites you!
* * * LOW HITPOINT WARNING * * *
The steam dragon claws you but does no damage.
You hit the steam dragon.
The steam dragon is severely wounded.
You are engulfed in a cloud of scalding steam.
* * * LOW HITPOINT WARNING * * *
The steam dragon bites you but does no damage.
The steam dragon claws you but does no damage.
You barely miss the steam dragon. Your headbutt misses the steam dragon.
The steam dragon is severely wounded.
You are engulfed in a cloud of scalding steam.
The steam dragon barely misses you. You block the steam dragon's attack.
You closely miss the steam dragon.
The steam dragon is severely wounded.
You are engulfed in a cloud of scalding steam.
The steam dragon barely misses you. You furiously retaliate!
You headbutt the steam dragon. The steam dragon claws you.
You die...
Your body crumbles into a pile of gold.

▓.▓
$
▓Y▓
$
▓g▓
$ $
▓T▓
$
▓D▓
$ $
▓D▓
▓D▓
$
▓@▓
$
▓§▓
$
▓[▓
▓[▓
$
▓[▓
▓.▓
$
▓)▓
$
▓?▓
$
▓!▓
$


You could see a yak, a troll, 2 steam dragons, an acid dragon and a gnoll
sergeant.

Vanquished Creatures
  A scorpion (D)
  2 hounds (D)
  A sleepcap (D)
  A ball python (D)
  2 goblins (D)
  A quokka (D)
  2 rats (D)
10 creatures vanquished.

Notes
Turn   | Place    | Note
-------+----------+-------------------------------------------
     0 | D        | Heoruswealwe the Minotaur Fighter began the quest for the
                  | Orb.
     0 | D        | Reached XP level 1. HP: 19/19 MP: 0/0
     6 | D        | Reached skill level 3 in Polearms
    17 | D        | Noticed a scorpion
    17 | D        | Noticed a hound
    17 | D        | Noticed a sleepcap
    17 | D        | Noticed a hound
    22 | D        | Killed a hound
    23 | D        | Reached skill level 5 in Fighting
    23 | D        | Reached skill level 5 in Polearms
    23 | D        | Reached skill level 5 in Armour
    23 | D        | Reached XP level 2. HP: 24/29 MP: 1/1
    23 | D        | Reached XP level 3. HP: 30/36 MP: 2/2
    32 | D        | Reached skill level 6 in Polearms
    39 | D        | Reached skill level 7 in Polearms
    39 | D        | Reached XP level 4. HP: 26/45 MP: 3/3
    42 | D        | Killed a scorpion
    43 | D        | Reached skill level 9 in Polearms
    43 | D        | Reached XP level 5. HP: 31/52 MP: 4/4
    49 | D        | Found a snail-covered altar of Cheibriados.
    49 | D        | Found a shadowy altar of Dithmenos.
    49 | D        | Found a white marble altar of Elyvilon.
    49 | D        | Found a blossoming altar of Fedhas.
    49 | D        | Found an opulent altar of Gozag.
    50 | D        | Found a hazy altar of Hepliaklqana.
    51 | D        | Found a viscous altar of Jiyva.
    52 | D        | Found an ancient bone altar of Kikubaaqudgha.
    53 | D        | Found a corrupted altar of Lugonu.
    54 | D        | Found a burning altar of Makhleb.
    55 | D        | Found a sparkling altar of Nemelex Xobeh.
    56 | D        | Found an iron altar of Okawaru.
    57 | D        | Became a worshipper of Gozag Ym Sagoz the Greedy
    58 | D        | Found a stormy altar of Qazlal.
    59 | D        | Found a sacrificial altar of Ru.
    60 | D        | Found a shimmering blue altar of Sif Muna.
    61 | D        | Found a bloodstained altar of Trog.
    62 | D        | Found a hide-covered altar of Uskayaw.
    63 | D        | Found a radiant altar of Vehumet.
    64 | D        | Found an ornate altar of the Wu Jian Council.
    65 | D        | Found a shimmering altar of Xom.
    66 | D        | Found a basalt altar of Yredelemnul.
    67 | D        | Found a glowing silver altar of Zin.
    68 | D        | Found a glowing golden altar of the Shining One.
    92 | D        | Noticed a yak
    92 | D        | Noticed a troll
    92 | D        | Noticed an acid dragon
    92 | D        | Noticed a steam dragon
    92 | D        | Noticed a steam dragon
    97 | D        | HP: 1/52 [steam dragon] (9)]
    99 | D        | Slain by a steam dragon

Illustrated notes

Levels and vault maps discovered:
D:        linesprint [early_d, line_temple, items_1, d_10, items_2, lair_1,
          lair_end, items_3, orc_1, orc_end, items_4, d_15, swamp_1, shoals_1,
          snake_1, spider_1, d_20, vaults_1, items_5, swamp_end, shoals_end,
          snake_end, spider_end, vaults_end, d_27, items_6, zot_1, zot_end,
          crypt_end, forest_end, elf_end, slime_end, tomb_end, abyss_end,
          pan_hell_end]

Skill      XL: |  1  2  3  4 |
---------------+-------------+-----
Polearms       | 5 7 9 |  9.0
Fighting       | 5 6 7 |  7.1
Armour         | 5 6 7 |  7.1
Shields        | |  3.6

Action                     |  1- 3 |  4- 6 || total
---------------------------+-------+-------++-------
  Melee: Trident           |    24 |    11 ||    35
         Headbutt          |     4 |     2 ||     6
 Armour: Scale mail        |    12 |     8 ||    20
  Dodge: Dodged            |     8 |     4 ||    12
  Block: Buckler           |     3 |     2 ||     5
